 Dungeon Crawl Stone Soup version 0.30-b1-2-g02819fbbbe (webtiles) character file.

Game seed: 350249086593126747

3203 snakesoul the Thaumaturge (level 10, -13/66 HPs)
             Began as a Djinni Conjurer on June 11, 2023.
             Was an Initiate of Ashenzari.
             Mangled by a two-headed ogre
             ... wielding a +0 giant spiked club
              (22 damage)
             ... on level 7 of the Dungeon.
             The game lasted 00:11:21 (6896 turns).

snakesoul the Thaumaturge (Djinni Conjurer)         Turns: 6896, Time: 00:11:21

Health: -13/66     AC:  7    Str:  6    XL:     10   Next: 17%
Gold:   399        EV: 13    Int: 24    God:    Ashenzari [......] SH:  0 Dex: 12

rFire   + + .        f - +1 dagger (venom)
rCold   x . .        (no shield)
rNeg    + . .        x - +0 steam dragon scales
rPois   ∞            a - +0 helmet
rElec   .            y - scarf {shadows}
rCorr   .            C - +0 pair of gloves
SInv    .            (boots unavailable)
Will    +....        (no amulet)
Stlth   ++           j - ring "Suspicion of Ashenzari" {rN+, Self, Cun} (curse)
HPRegen 0.31/turn    (no ring)
MPRegen 0.00/turn

%: infuse magic (-14 HP)
@: flying
A: sickness immunity, fire resistance 2, cold vulnerability 1, float, innate
caster, HP casting, extra vitality 1
a: Renounce Religion, Shatter the Chains


You were on level 7 of the Dungeon.
You worshipped Ashenzari.
Ashenzari was noncommittal.
You visited 2 branches of the dungeon, and saw 9 of its levels.

You collected 399 gold pieces.

Inventory:

Hand Weapons
 f - a +1 dagger of venom (weapon)
Armour
 a - a +0 helmet (worn)
 p - the +0 leather armour "Seoheak" {Rampage rCorr}
   (You found it on level 4 of the Dungeon)

   rCorr:     It protects you from acid and corrosion.
   Rampage:   It bestows one free step when moving towards enemies.
 x - +0 steam dragon scales (worn)
 y - a scarf of shadows (worn)
 C - a +0 pair of gloves (worn)
Jewellery
 j - the cursed ring "Suspicion of Ashenzari" (left hand) {rN+, Self, Cun}
   (You found it on level 3 of the Dungeon)

   [ring of positive energy]

   rN:        It protects you from negative energy.
   It has a curse which improves the following skills: Introspection: Fighting
   and Spellcasting.
   Cunning:   Dodging and Stealth.
Wands
 s - a wand of iceblast (7)
 B - a wand of mindburst (16)
 D - a wand of charming (10)
Scrolls
 b - 5 scrolls of teleportation {unknown}
 d - a scroll of poison {unknown}
 e - 9 scrolls of identify {unknown}
 i - a scroll of enchant armour {unknown}
 k - a scroll of fear {unknown}
 l - a scroll of blinking {unknown}
 m - a scroll of silence {unknown}
 q - a scroll of vulnerability {unknown}
 t - a scroll of immolation {unknown}
 u - a scroll of enchant weapon {unknown}
Potions
 c - 4 potions of curing {unknown}
 g - 2 potions of mutation {unknown}
 h - 2 potions of haste {unknown}
 n - 3 potions of brilliance {unknown}
 o - a potion of resistance {unknown}
 r - a potion of might {unknown}
 v - a potion of heal wounds {unknown}
 w - a potion of degeneration {unknown}
 z - a potion of ambrosia {unknown}
 A - a potion of cancellation {unknown}


   Skills:
 + Level 2.5(2.9) Fighting
 + Level 3.7(4.1) Dodging
 - Level 1.5(1.9) Stealth
 + Level 10.6(11.0) Spellcasting


You knew the following spells:

 Your Spells              Type           Power      Damage    Failure   Level
a - Magic Dart            Conj           100%       1d8       1%          1
b - Searing Ray           Conj           100%       2d8       1%          2
c - Dazzling Flash        Conj/Hex       100%       N/A       1%          3
d - Fulminant Prism       Conj/Hex       30%        3d15      1%          4
e - Iskenderun's Mystic   Conj/Tloc      60%        2d13      1%          4
f - Shock                 Conj/Air       100%       1d9       1%          1
g - Passwall              Tmut/Erth      50%        N/A       1%          2
h - Stone Arrow           Conj/Erth      100%       3d13      1%          3
i - Vampiric Draining     Necr           60%        2d10      1%          3
Your spell library was empty.

Dungeon Overview and Level Annotations

Branches:
Dungeon (8/15)             Temple (1/1) D:6
   Lair: D:8-11

Altars:
Ashenzari
Cheibriados
Dithmenos
Fedhas
Gozag
Hepliaklqana
Makhleb
Nemelex Xobeh
Okawaru
Qazlal
Ru
Trog
Uskayaw
Wu Jian
Xom
Zin
The Shining One

Shops:
D:4 :

Annotations:
D:4 2 runed translucent doors, bananaglory's ghost, amateur GrEE
D:7 3 runed translucent doors


Innate Abilities, Weirdness & Mutations

You are immune to sickness and miasma.
You are immune to poison.
Your flesh is very heat resistant. (rF++)
You are vulnerable to cold. (rC-)
You float through the air rather than walking.
You learn spells naturally, not from books.
Your magical power is your life essence.
You have superior vitality. (+4 MHP)


Message History

The killer bee completely misses you.
You fly upwards.
Level annotation: 3 runed translucent doors
There is a stone staircase leading down here.
Unknown command.
Casting: Stone Arrow (safe; 1% risk of failure)
Confirm with . or Enter, or press ? or * to list all spells.
Aiming: Vampiric Draining (safe; 1% risk of failure)
Press: ? - help, Shift-Dir - straight line, f - two-headed ogre
Aim: a two-headed ogre, wielding a +0 giant spiked club and a +0 giant club You draw life force from the two-headed ogre!
You feel life coursing into your body!
* * * LOW HITPOINT WARNING * * *
The killer bee misses you. The killer bee completely misses you.
Casting: Vampiric Draining (safe; 1% risk of failure)
Confirm with . or Enter, or press ? or * to list all spells.
Aiming: Vampiric Draining (safe; 1% risk of failure)
Press: ? - help, Shift-Dir - straight line, f/p - two-headed ogre
Aim: a two-headed ogre, wielding a +0 giant spiked club and a +0 giant club (moderately wounded)
You draw life force from the two-headed ogre!
You feel life coursing into your body.
* * * LOW HITPOINT WARNING * * *
The killer bee stings you.
* * * LOW HITPOINT WARNING * * *
The two-headed ogre hits you with a +0 giant spiked club!
* * * LOW HITPOINT WARNING * * *
The two-headed ogre completely misses you.
The killer bee stings you but does no damage.
Casting: Vampiric Draining (safe; 1% risk of failure)
Confirm with . or Enter, or press ? or * to list all spells.
Aiming: Vampiric Draining (safe; 1% risk of failure)
Press: ? - help, Shift-Dir - straight line, f/p - two-headed ogre
Aim: a two-headed ogre, wielding a +0 giant spiked club and a +0 giant club (moderately wounded)
You draw life force from the two-headed ogre!
You feel life coursing into your body.
* * * LOW HITPOINT WARNING * * *
The killer bee stings you but does no damage.
The killer bee misses you.
The two-headed ogre hits you with a +0 giant spiked club!!
You die...

##......# #.....#
.# . #<#.##.#
#.....# .. .#
#.#.# .# #######
#.#.. # #.##.# #
#### #.. .. #. ..#
### .#...##.###.#
..........#)#####.
#@[.......
#.y.O.######
#######


You could see a two-headed ogre and a killer bee.

Vanquished Creatures
  A two-headed ogre (D:6)
  3 steam dragons
  2 water moccasins
  An orc warrior (D:7)
  2 black bears
  An ogre (D:6)
  2 centaurs
  A phantom (D:5)
  A bullfrog (D:8)
  5 scorpions
  4 wights (D:8)
  2 killer bees
  A jelly (D:7)
  3 hounds (D:5)
  5 orc priests
  4 iguanas
  3 sleepcaps
  Natasha (D:4)
  6 orc wizards
  4 gnolls
  4 adders
  2 ufetubi
  A worm (D:3)
  A dart slug (D:2)
  16 orcs
  9 endoplasms
  2 giant cockroaches (D:2)
  5 goblins
  4 hobgoblins
  6 kobolds
  8 quokkas
  5 ball pythons
  4 bats
  2 frilled lizards (D:1)
  2 rats
123 creatures vanquished.

Vanquished Creatures (others)
  8 fulminant prisms
8 creatures vanquished.

Grand Total: 131 creatures vanquished

Notes
Turn   | Place    | Note
-------+----------+-------------------------------------------
     0 | D:1      | snakesoul the Djinni Conjurer began the quest for the Orb.
     0 | D:1      | snakesoul set off with the following spells memorised:
                  | Magic Dart, Searing Ray, Dazzling Flash, Fulminant Prism,
                  | Iskenderun's Mystic Blast.
     0 | D:1      | Reached XP level 1. HP: 15/15 MP: 0/0
   115 | D:1      | Reached XP level 2. HP: 18/21 MP: 0/0
   537 | D:1      | Reached skill level 4 in Spellcasting
   537 | D:1      | Reached XP level 3. HP: 7/25 MP: 0/0
   537 | D:1      | Learned a level 1 spell: Shock
  1188 | D:2      | Found a faded altar of an unknown god.
  1193 | D:2      | Reached XP level 4. HP: 27/31 MP: 0/0
  1614 | D:2      | Found a stormy altar of Qazlal.
  1899 | D:3      | Reached XP level 5. HP: 33/35 MP: 0/0
  1899 | D:3      | Learned a level 2 spell: Passwall
  1932 | D:3      | Identified the +0 pair of boots "Letiy" {rPois Str+7}
  2139 | D:3      | Reached skill level 5 in Spellcasting
  2509 | D:4      | Reached XP level 6. HP: 23/40 MP: 0/0
  2608 | D:4      | Found Ufyroureysh's Book Emporium.
  2782 | D:4      | Noticed Natasha
  2787 | D:4      | Killed Natasha
  3024 | D:4      | Found a large runed translucent door.
  3024 | D:4      | Found a large runed translucent door.
  3029 | D:4      | Noticed bananaglory's ghost (amateur GrEE)
  3033 | D:4      | Identified the +0 leather armour "Seoheak" {Rampage rCorr}
  3240 | D:4      | Reached skill level 6 in Spellcasting
  3476 | D:5      | Entered Level 5 of the Dungeon
  3500 | D:5      | Reached XP level 7. HP: 40/45 MP: 0/0
  3500 | D:5      | Learned a level 3 spell: Stone Arrow
  3705 | D:5      | Noticed a water moccasin
  3708 | D:5      | Killed a water moccasin
  3728 | D:5      | Reached skill level 7 in Spellcasting
  3893 | D:5      | Reached XP level 8. HP: 40/50 MP: 0/0
  4416 | D:6      | Noticed a two-headed ogre
  4422 | D:6      | Killed a two-headed ogre
  4423 | D:6      | Reached skill level 9 in Spellcasting
  4423 | D:6      | Reached XP level 9. HP: 36/55 MP: 0/0
  4423 | D:6      | Learned a level 3 spell: Vampiric Draining
  4601 | D:6      | Found a staircase to the Ecumenical Temple.
  4625 | Temple   | Entered the Ecumenical Temple
  4999 | Temple   | Became a worshipper of Ashenzari the Shackled
  6165 | D:7      | Reached skill level 10 in Spellcasting
  6571 | D:7      | Found a runed translucent gate.
  6571 | D:7      | Found a runed translucent gate.
  6571 | D:7      | Found a runed translucent gate.
  6572 | D:7      | You are sucked into a shaft and drop 1 floor!
  6659 | D:8      | Reached skill level 1 in Fighting
  6659 | D:8      | Reached XP level 10. HP: 57/63 MP: 0/0
  6666 | D:8      | Noticed a two-headed ogre
  6896 | D:7      | Mangled by a two-headed ogre

Illustrated notes

Levels and vault maps discovered:
D:1:      amcnicky_arrival_gap_in_the_tavern_cellar, layout_basic
D:2:      layout_loops_ring, hellmonk_ecumenical_altar_pennies_from_heaven,
          basic_altar
D:3:      layout_loops_cross
D:4:      layout_loops_corners, ebering_ghost_disaster_area, serial_shops, shop,
          uniq_natasha
D:5:      layout_loops_ring, hangedman_abyss_or_decor_slice
D:6:      kennysheep_steamy, layout_basic, minmay_temple_entry_trees
D:7:      layout_loops_cross, grunt_qazlal_clouds, gammafunk_ghost_necromancy,
          hellmonk_no_cap
D:8:      layout_basic
Temple:   mainiacjoe_temple_trianglar_array

Skill      XL: |  1  2  3  4  5  6  7  8  9 10 |
---------------+-------------------------------+-----
Spellcasting   | 4 5 6 7 9 10 | 10.6
Fighting       | 1 2 |  2.5
Dodging        | 3 |  3.7
Stealth        | |  1.5

Action                     |  1- 3 |  4- 6 |  7- 9 | 10-12 || total
---------------------------+-------+-------+-------+-------++-------
  Melee: Dagger            |       |       |     1 |       ||     1
   Cast: Magic Dart        |    54 |       |     3 |       ||    57
         Searing Ray       |     1 |     5 |     1 |       ||     7
         Shock             |    13 |    92 |       |       ||   105
         Stone Arrow       |       |       |    64 |    11 ||    75
         Fulminant Prism   |       |       |     7 |     1 ||     8
         Vampiric Draining |       |       |       |     3 ||     3
 Invoke: Curse Item        |       |       |     1 |       ||     1
 Armour: Robe              |     1 |     1 |       |       ||     2
         Leather armour    |       |       |     2 |       ||     2
         Steam dragon scal |       |       |     5 |     5 ||    10
  Dodge: Dodged            |     8 |    10 |     8 |    19 ||    45
